 Dungeon Crawl Stone Soup version 0.22-a0-388-g09e6169d0a (webtiles) character file.

197157 Deemzul the Executioner (level 18, -3/180 HPs)
             Began as a Hill Orc Fighter on Apr 30, 2018.
             Was the Champion of Beogh.
             Blown up by an orb spider (39 damage)
             ... with an orb of destruction
             ... on level 4 of the Spider Nest.
             The game lasted 01:18:08 (41868 turns).

Deemzul the Executioner (Hill Orc Fighter)         Turns: 41868, Time: 01:18:09

Health: -3/180     AC: 28    Str: 27      XL:     18   Next: 40%
Magic:  0/20       EV: 25    Int:  6 (8)  God:    Beogh [******]
Gold:   2569       SH: 17    Dex: 19      Spells: 17/17 levels left

rFire    . . .     SeeInvis .   X - +2 war axe (venom)
rCold    . . .     Gourm    .   V - +2 shield {reflect}
rNeg     . . .     Faith    .   r - +3 ring mail of the Grey Skies {Dex+7}
rPois    +         Spirit   .   N - +1 hat {MR+}
rElec    .         Reflect  +   L - +2 cloak
rCorr    .         Harm     .   O - +0 pair of gloves
MR       ++...                  j - +0 pair of boots
Stlth    +.........             p - amulet of the acrobat
HPRegen  0.40/turn              Z - +5 ring of protection
MPRegen  0.17/turn              D - ring of poison resistance

@: no status effects
A: walk on water, iridescent scales 1, molten scales 1, agile 1
}: 1/15 runes: decaying
a: Smiting, Recall Orcish Followers, Give Item to Named Follower, Resurrection,
Renounce Religion


You were on level 4 of the Spider Nest.
You worshipped Beogh.
Beogh was exalted by your worship.
You were not hungry.

You visited 7 branches of the dungeon, and saw 33 of its levels.
You also visited: Sewer, Ossuary, Bailey and Volcano.

You collected 3186 gold pieces.
You spent 617 gold pieces at shops.

Inventory:

Hand Weapons
 a - a +0 broad axe
 X - a +2 war axe of venom (weapon)
Missiles
 G - 64 tomahawks of returning (quivered)
Armour
 j - a +0 pair of boots (worn)
 r - the +3 ring mail of the Grey Skies (worn) {Dex+7}
   (You found it on level 8 of the Dungeon)

   It affects your dexterity (+7).
 L - a +2 cloak (worn)
 N - a +1 hat of magic resistance (worn)
 O - a +0 pair of gloves (worn)
 V - a +2 shield of reflection (worn)
Jewellery
 p - an amulet of the acrobat (around neck)
 D - a ring of poison resistance (right hand)
 U - an uncursed amulet of guardian spirit
 Z - a +5 ring of protection (left hand)
Wands
 i - a wand of digging (29)
 k - a wand of disintegration (41)
 l - a wand of polymorph (54)
 E - a wand of acid (23)
 F - a wand of iceblast (18)
 J - a wand of scattershot (4)
 Y - a wand of flame (29)
Scrolls
 c - 3 scrolls of summoning
 e - 9 scrolls of fog
 g - 21 scrolls of teleportation
 q - 2 scrolls of identify
 v - 7 scrolls of amnesia
 w - 7 scrolls of remove curse
 y - 7 scrolls of immolation
 C - 4 scrolls of fear
 H - 5 scrolls of enchant weapon
 K - 2 scrolls of magic mapping
 M - a scroll of holy word
 S - a scroll of enchant armour
Potions
 b - 3 potions of resistance
 d - 6 potions of might
 h - 10 potions of haste
 n - 19 potions of curing
 o - 11 potions of magic
 s - a potion of ambrosia
 t - 2 potions of heal wounds
 u - 6 potions of berserk rage
 x - 3 potions of invisibility
 z - 6 potions of mutation
 A - 9 potions of brilliance
 B - 4 potions of flight
 P - 2 potions of cancellation
 R - 4 potions of agility
 W - 3 potions of lignification
Miscellaneous
 I - a phial of floods (inert)
 Q - a lamp of fire (inert)
 T - a lightning rod (1/4)
Comestibles
 f - 36 rations
 m - 4 chunks of flesh


   Skills:
 * Level 20.9 Fighting
 * Level 22.2 Axes
 + Level 14.6 Armour
 + Level 14.5 Shields
 - Level 3.8 Invocations


You had 17 spell levels left.
You didn't know any spells.

Dungeon Overview and Level Annotations

Branches:
Dungeon (15/15)            Temple (1/1) D:4            Lair (6/6) D:11
  Swamp (4/4) Lair:4       Spider (4/4) Lair:4        Slime (0/5) Lair:6
    Orc (2/2) D:11            Elf (0/3) Orc:2        Vaults (0/5) D:14
 Depths (1/5) D:15

Altars:
Ashenzari
Cheibriados
Dithmenos
Elyvilon
Fedhas
Gozag
Hepliaklqana
Kikubaaqudgha
Makhleb
Nemelex Xobeh
Okawaru
Qazlal
Ru
Sif Muna
Trog
Uskayaw
Vehumet
Wu Jian
Xom
Yredelemnul
Zin
The Shining One
Beogh
Jiyva

Shops:
D:9 ?   Orc:2 =%}}

Portals:
Hell: Depths:1
Pandemonium: Depths:1


Innate Abilities, Weirdness & Mutations

You can walk on water.
You are partially covered in iridescent scales. (AC +2)
You are partially covered in molten scales. (AC +2)
You are agile. (Dex +2)


Message History

An orb of destruction comes into view.
Unknown command.
What are your orders? t - Shout!
Orders for allies: a - Attack new target. r - Retreat! s - Stop attacking. g - Guard the area. f - Follow me.
Anything else - Cancel.
Gang up on whom?
Press: ? - help, Dir - move target cursor, f - orb spider
Aim: an orb spider (moderately wounded, clinging) Attack!
Wardok hits something with a battleaxe!!!
Beogh accepts your kill.
Reactivating autopickup.
You feel a bit more experienced.
Your water elemental hits the orb spider!
Unknown command.
The orb of destruction hits you!
You die...

.^ ... ..... ..... ......
≈.^.. .^..s.. ########.^.
....... ########..^..^≈^.#
..s....#####.(≈.^...^..†^...^
/..≈##^^^^oo.....#...^.†.....
...^.....s§§@.......^^^†.....
........sEo......#†^^^^^^....
.................^≈.^....≈...
........†.....^^..########..≈
....^^^^##^^.^≈.####≈≈..≈..^#
....^##^^##^.≈### ##......^.
..... ...s##### ##.......
.... ^^..^. #....^.. ...
^^...... ##......


You could see 2 orb spiders, the friendly Bogdan the orc warlord, the friendly
Urtork the orc warlord, the friendly Wardok the orc knight and a friendly water
elemental.

Vanquished Creatures
  Arachne (Spider:3)
  Gastronok (Lair:3)
  3 thorn hunters
  A ghost moth (Spider:4)
  An entropy weaver (Spider:4)
  A red draconian (Volcano)
  4 hydras
  5 vault guards (D:14)
  3 death yaks
  6 two-headed ogres
  A deep troll shaman (Depths:1)
  A deep troll earth mage (Depths:1)
  4 alligators
  An orc high priest (Orc:2)
  7 slime creatures
  A skeletal warrior (D:12)
  A deep troll (Depths:1)
  A salamander mystic (Volcano)
  A wizard (D:15)
  3 unseen horrors
  5 swamp dragons
  2 spriggan druids
  2 shambling mangroves
  5 orb spiders
  2 phantasmal warriors
  An ugly thing (D:12)
  19 wolf spiders
  4 salamanders (Volcano)
  An orc sorcerer (D:15)
  2 cyclopes
  4 black mambas
  A naga mage (D:15)
  A centaur zombie (D:14)
  Psyche (D:10)
  A torpor snail (Spider:2)
  A centaur skeleton (D:14)
  7 spiny frogs
  4 rime drakes
  4 komodo dragons
  5 demonic crawlers
  An efreet (D:14)
  19 jumping spiders
  2 trolls
  8 tyrant leeches
  5 bog bodies
  13 hornets
  Grinder (D:3)
  5 blink frogs (Lair:1)
  5 hippogriffs
  Sigmund (D:5)
  6 spriggans
  14 redbacks
  16 tarantellas
  A vampire (D:13)
  2 wraiths
  2 steam dragons (Lair:6)
  2 shadows
  4 wyverns
  21 yaks
  3 hogs (D:7)
  A human (D:7)
  A hungry ghost (D:7)
  15 vampire mosquitoes
  A warg (Orc:1)
  Menkaure (D:4)
  5 insubstantial wisps
  5 swamp worms
  11 water moccasins
  2 porcupines
  A hornet zombie (D:8)
  Purgy (Sewer)
  2 ice beasts
  6 orc warriors
  2 sky beasts
  10 swamp drakes
  A necrophage (D:7)
  13 wolves
  A black bear (D:7)
  4 ogres
  9 centaurs
  6 crocodiles
  A big kobold (D:10)
  9 bullfrogs
  2 gnoll sergeants
  3 scorpions
  2 wyvern skeletons
  2 wights
  2 electric eels
  2 howler monkeys (D:7)
  7 crimson imps
  2 bullfrog skeletons
  4 hounds
  5 jellies
  10 orc wizards
  A gnoll shaman (D:10)
  7 orc priests
  Ijyb (D:4)
  9 iguanas
  8 worker ants
  A big kobold zombie (Ossuary)
  A hound zombie (D:11)
  4 mummies (Ossuary)
  A worker ant zombie (D:11)
  37 gnolls
  A howler monkey skeleton (D:10)
  6 adders
  2 shadow imps
  2 adder skeletons (D:5)
  3 worms
  6 leopard geckos
  18 orcs
  2 ball pythons (Sewer)
  6 giant cockroaches
  9 goblins
  17 hobgoblins
  10 jackals
  5 quokkas
  10 bats
  8 frilled lizards
  4 gnoll zombies (Ossuary)
  2 goblin zombies
  A hobgoblin zombie (Ossuary)
  A jackal skeleton (D:6)
  17 kobolds
  A leopard gecko skeleton (D:8)
  A leopard gecko zombie (D:8)
  An orc zombie (Ossuary)
  A quokka skeleton (D:4)
  16 rats
  A rat zombie (D:6)
  14 briar patches (Swamp:4)
  3 fungi
  3 plants (Lair:6)
640 creatures vanquished.

Vanquished Creatures (collateral kills)
  An orc warlord (Swamp:4)
  2 thorn hunters (Swamp:4)
  Donald (Swamp:2)
  Kirke (D:15)
  2 ghost moths (Spider:4)
  5 emperor scorpions (Spider:4)
  2 entropy weavers
  3 stone giants (Depths:1)
  Snorg (D:12)
  A fire dragon (Lair:6)
  3 vault guards (D:14)
  27 hydras
  A catoblepas (Lair:3)
  3 ghost crabs
  An anaconda (Lair:6)
  15 two-headed ogres
  3 centaur warriors
  12 alligators
  4 ogre magi
  3 death knights
  2 orc high priests (Orc:2)
  11 death yaks
  A vampire mage (Depths:1)
  5 spriggans
  A skeletal warrior (D:13)
  An unseen horror (D:11)
  3 spriggan druids
  3 deep trolls (Depths:1)
  2 shambling mangroves
  10 swamp dragons
  A phantasmal warrior (D:12)
  6 orc knights
  A necromancer (Depths:1)
  7 orb spiders
  10 wolf spiders
  5 ugly things
  A deep elf mage (D:15)
  A cyclops (D:15)
  3 orc sorcerers (Orc:2)
  A salamander (Depths:1)
  10 slime creatures
  A manticore (D:15)
  A centaur zombie (D:15)
  6 black mambas
  A guardian serpent (Lair:6)
  A naga mage (D:15)
  16 spiny frogs
  2 centaur skeletons
  2 demonic crawlers (Spider:2)
  A komodo dragon (Lair:6)
  8 rime drakes
  A meliai (shapeshifter) (Depths:1)
  10 jumping spiders
  13 hornets
  10 blink frogs
  5 tyrant leeches
  A meliai zombie (D:14)
  2 bog bodies
  An iron dragon simulacrum (Depths:1)
  13 hippogriffs
  2 deep troll zombies (Depths:1)
  3 shadows
  9 tarantellas
  15 wyverns
  30 redbacks
  A wraith (D:13)
  3 hogs
  34 yaks
  8 basilisks
  2 water elementals (Depths:1)
  16 vampire mosquitoes
  A steam dragon (Lair:6)
  3 hungry ghosts
  5 insubstantial wisps
  2 wargs (D:11)
  9 swamp worms
  3 acid dragons
  A soldier ant (D:14)
  A hell hound (Lair:4)
  7 water moccasins
  3 porcupines
  5 swamp drakes
  4 orc warriors
  2 sky beasts
  3 ice beasts
  2 necrophages
  A phantom (D:11)
  An eye of draining (D:13)
  3 ogres (Depths:1)
  6 centaurs (D:14)
  24 wolves
  11 crocodiles
  2 big kobolds
  A wyvern zombie (D:15)
  4 bullfrogs
  A scorpion (D:8)
  A tengu zombie (Depths:1)
  4 wights
  An electric eel (D:12)
  A crimson imp (D:8)
  3 bullfrog zombies
  A quasit (D:9)
  A jelly (D:12)
  A hound (D:12)
  3 orc priests
  6 orc wizards
  An iron imp (Depths:1)
  3 iguanas
  6 worker ants
  A howler monkey zombie (D:9)
  7 gnolls
  2 shadow imps
  13 orcs
  A giant cockroach (Lair:4)
  A goblin (D:10)
  2 jackals (D:10)
  4 kobolds
  7 briar patches (Swamp:4)
  13 bushes
  23 fungi
  19 plants
624 creatures vanquished.

Vanquished Creatures (others)
  3 orc knights
  A hydra (Swamp:3)
  2 alligators
  A wolf spider (Spider:4)
  A hornet (Swamp:3)
  11 orc warriors
  14 orc priests
  6 orc wizards
  40 orcs
  9 fungi
  3 plants (Lair:6)
91 creatures vanquished.

Grand Total: 1355 creatures vanquished

Notes
Turn   | Place    | Note
-------+----------+-------------------------------------------
     0 | D:1      | Deemzul the Hill Orc Fighter began the quest for the Orb.
     0 | D:1      | Reached XP level 1. HP: 19/19 MP: 1/1
   176 | D:1      | Reached skill level 3 in Axes
   207 | D:1      | Reached XP level 2. HP: 27/27 MP: 2/2
   831 | D:2      | Reached XP level 3. HP: 28/33 MP: 3/3
   855 | D:2      | Found a faded altar of an unknown god.
   961 | D:2      | Noticed a centaur
   967 | D:2      | Killed a centaur
   967 | D:2      | Reached skill level 4 in Axes
   967 | D:2      | Reached XP level 4. HP: 19/41 MP: 4/4
   967 | D:2      | Reached XP level 5. HP: 21/47 MP: 5/5
  1604 | D:3      | Became a worshipper of Beogh the Brigand
  1658 | D:3      | Noticed Grinder
  1671 | D:3      | Killed Grinder
  1671 | D:3      | Reached skill level 5 in Fighting
  1671 | D:3      | Reached skill level 5 in Axes
  1671 | D:3      | Reached XP level 6. HP: 39/56 MP: 6/6
  2282 | D:4      | Noticed Menkaure
  2423 | D:5      | Entered Level 5 of the Dungeon
  2495 | D:5      | Found a glowing drain.
  2516 | Sewer    | Entered a sewer
  2603 | Sewer    | Noticed Purgy
  2614 | Sewer    | Killed Purgy
  2652 | Sewer    | Reached skill level 6 in Axes
  2712 | D:5      | Reached XP level 7. HP: 62/62 MP: 7/7
  2771 | D:5      | Reached * piety under Beogh
  3095 | D:5      | Noticed Sigmund
  3198 | D:5      | Killed Sigmund
  3259 | D:5      | Reached skill level 5 in Shields
  3368 | D:4      | Reached skill level 7 in Axes
  3368 | D:4      | Reached skill level 5 in Armour
  3397 | D:4      | Reached XP level 8. HP: 51/71 MP: 8/8
  3952 | D:6      | Found a sand-covered staircase.
  3965 | Ossuary  | Entered an ossuary
  4040 | Ossuary  | Reached skill level 8 in Axes
  4112 | Ossuary  | Reached ** piety under Beogh
  5131 | D:4      | Killed Menkaure
  5293 | D:4      | Found a staircase to the Ecumenical Temple.
  5293 | D:4      | Noticed Ijyb
  5312 | D:4      | Killed Ijyb
  5322 | Temple   | Entered the Ecumenical Temple
  5682 | D:7      | Reached XP level 9. HP: 60/82 MP: 9/9
  5683 | D:7      | Reached skill level 9 in Axes
  5940 | D:6      | Reached *** piety under Beogh
  6122 | D:7      | Found a white marble altar of Elyvilon.
  6189 | D:7      | Reached skill level 10 in Axes
  6372 | D:7      | Reached skill level 10 in Fighting
  6388 | D:7      | Reached XP level 10. HP: 81/93 MP: 10/10
  6599 | D:8      | Reached skill level 11 in Axes
  6625 | D:8      | Got a steaming plate armour
  6678 | D:8      | Identified the +4 plate armour "Cit Dacyff" {Stlth+} (You found it on level 8 of the Dungeon)
  7317 | D:8      | Reached **** piety under Beogh
  7342 | D:8      | Got a slimy ring mail
  7353 | D:8      | Identified the +3 ring mail of the Grey Skies {Dex+7} (You found it on level 8 of the Dungeon)
  7420 | D:8      | Found a burning altar of Makhleb.
  7420 | D:8      | Found a shimmering altar of Xom.
  7422 | D:8      | Found a deep blue altar of Sif Muna.
  7425 | D:8      | Found a glowing golden altar of the Shining One.
  7426 | D:8      | Found an iron altar of Okawaru.
  7426 | D:8      | Found a hazy altar of Hepliaklqana.
  7426 | D:8      | Found a sacrificial altar of Ru.
  7426 | D:8      | Found a bloodstained altar of Trog.
  7428 | D:8      | Found a shadowy altar of Dithmenos.
  7429 | D:8      | Found a stormy altar of Qazlal.
  7430 | D:8      | Found an opulent altar of Gozag.
  7431 | D:8      | Found a blossoming altar of Fedhas.
  7479 | D:8      | Gained Urtork as an ally
  7541 | D:9      | Noticed a two-headed ogre
  7547 | D:9      | Killed a two-headed ogre
  7569 | D:9      | Found Efree's Magic Scroll Shoppe.
  7576 | D:9      | Bought a scroll of magic mapping for 52 gold pieces
  7576 | D:9      | Bought a scroll of remove curse for 45 gold pieces
  7963 | D:9      | Reached skill level 12 in Axes
  8275 | D:10     | Entered Level 10 of the Dungeon
  8410 | D:10     | Found a flagged portal.
  8432 | Bailey   | Entered a bailey
  8450 | Bailey   | Gained Bolgrim as an ally
  8531 | Bailey   | Reached ***** piety under Beogh
  8851 | Bailey   | Noticed an orc knight
  9412 | D:10     | Noticed Psyche
  9426 | D:10     | Killed Psyche
  9426 | D:10     | Reached XP level 11. HP: 94/103 MP: 11/11
 10118 | D:11     | Found a staircase to the Orcish Mines.
 10192 | D:11     | Found a staircase to the Lair.
 10677 | D:11     | Noticed a two-headed ogre
 10685 | D:11     | Killed a two-headed ogre
 10685 | D:11     | Reached skill level 13 in Axes
 10688 | D:11     | Killed an unseen horror
 10702 | D:11     | Noticed a two-headed ogre
 10703 | D:11     | Noticed a green ugly thing
 10709 | D:11     | Killed a two-headed ogre
 10714 | D:11     | Killed a green ugly thing
 11339 | D:11     | Reached skill level 14 in Axes
 11339 | D:11     | Reached XP level 12. HP: 95/115 MP: 11/14
 11379 | Lair:1   | Entered Level 1 of the Lair of Beasts
 12286 | Lair:1   | Noticed a spriggan rider
 12303 | Lair:1   | Your ally Bolgrim died
 12318 | Lair:1   | Killed a spriggan rider
 12455 | Lair:1   | Reached XP level 13. HP: 57/124 MP: 15/15
 12456 | Lair:1   | Reached skill level 15 in Axes
 12996 | Lair:2   | Reached skill level 10 in Armour
 12998 | Lair:2   | Reached skill level 10 in Shields
 13661 | Lair:2   | Reached ****** piety under Beogh
 14380 | Lair:3   | Noticed Gastronok
 14393 | Lair:3   | Killed Gastronok
 15100 | Lair:4   | Reached skill level 15 in Fighting
 15101 | Lair:4   | Reached skill level 16 in Axes
 15123 | Lair:4   | Your ally Urtork died
 15126 | Lair:4   | Gained Arkwar as an ally
 15182 | Lair:4   | Found a hole to the Spider Nest.
 15188 | Lair:4   | Paralysed by a hornet for 1 turns
 15657 | Lair:4   | Found a staircase to the Swamp.
 16509 | Lair:5   | Reached XP level 14. HP: 113/135 MP: 16/16
 16956 | Lair:6   | Entered Level 6 of the Lair of Beasts
 17047 | Lair:6   | Reached skill level 17 in Axes
 17738 | Lair:6   | Found a viscous altar of Jiyva.
 17739 | Lair:6   | Found a staircase to the Slime Pits.
 18045 | Lair:6   | Gained Bogdan as an ally
 19010 | Lair:6   | HP: 4/138 [fire dragon/blast of flame (52)]
 19687 | Orc:1    | Entered Level 1 of the Orcish Mines
 19876 | Orc:2    | Entered Level 2 of the Orcish Mines
 19890 | Orc:2    | Found a staircase to the Elven Halls.
 20141 | Orc:2    | Found a dark tunnel.
 20153 | Volcano  | Entered a volcano
 20257 | Volcano  | HP: 3/138 [salamander/halberd (15)]
 20652 | Volcano  | Noticed a red draconian
 20669 | Volcano  | Killed a red draconian
 21170 | Orc:2    | Was placed under penance by Beogh
 21170 | Orc:2    | Reached skill level 18 in Axes
 21198 | Orc:2    | Reached XP level 15. HP: 51/147 MP: 17/17
 21215 | Orc:2    | Found Gotwecw's Gadget Shop.
 21215 | Orc:2    | Found Geeceu Ifeo's Jewellery Emporium.
 21217 | Orc:2    | Found Joesaubb's Gadget Shop.
 21217 | Orc:2    | Found Zewa's Food Emporium.
 21240 | Orc:2    | Bought a phial of floods for 520 gold pieces
 21760 | Orc:1    | Found a roughly hewn altar of Beogh.
 21766 | Orc:1    | Was forgiven by Beogh
 22533 | D:12     | Noticed Snorg
 22543 | D:12     | Killed Snorg
 22654 | D:12     | Found a white marble altar of Elyvilon.
 23478 | D:13     | Gained Borgk as an ally
 24340 | D:7      | Got a fine scale mail
 24351 | D:7      | Identified the cursed +1 scale mail of Abstinence {*Slow rElec rC++ rCorr} (You found it on level 7 of the Dungeon)
 25056 | D:14     | Found a gate to the Vaults.
 25074 | D:14     | Reached skill level 19 in Axes
 25602 | D:15     | Entered Level 15 of the Dungeon
 25747 | D:15     | Gained Orkrul as an ally
 25784 | D:15     | Noticed Kirke
 25792 | D:15     | Killed Kirke
 25993 | D:15     | Found a shadowy altar of Dithmenos.
 26677 | D:15     | Found a staircase to the Depths.
 26683 | D:15     | Reached XP level 16. HP: 98/157 MP: 18/18
 27004 | Depths:1 | Entered Level 1 of the Depths
 27005 | Depths:1 | Found a gateway to Hell.
 27041 | Depths:1 | Found a one-way gate leading to the halls of Pandemonium.
 27476 | Depths:1 | Noticed an azure jelly
 27477 | Depths:1 | Noticed an azure jelly
 28110 | Swamp:1  | Entered Level 1 of the Swamp
 28240 | Swamp:1  | Reached skill level 20 in Axes
 28976 | Swamp:2  | Noticed Donald
 30022 | Swamp:2  | Killed Donald
 32608 | Swamp:4  | Entered Level 4 of the Swamp
 32723 | Swamp:3  | Reached XP level 17. HP: 132/168 MP: 19/19
 34527 | Swamp:4  | Your ally Orkrul died
 35311 | Swamp:4  | Your ally Borgk died
 35589 | Swamp:4  | Reached skill level 21 in Axes
 36728 | Swamp:4  | Your ally Arkwar died
 37966 | Swamp:4  | Got a decaying rune of Zot
 38379 | Spider:1 | Entered Level 1 of the Spider Nest
 39383 | Spider:2 | Gained mutation: You are agile. (Dex +2) [potion of mutation]
 39383 | Spider:2 | Gained mutation: You are partially covered in iridescent scales. (AC +2) [potion of mutation]
 39383 | Spider:2 | Gained mutation: You are partially covered in molten scales. (AC +2) [potion of mutation]
 39935 | Spider:3 | Got a pair of spiked gloves
 39941 | Spider:3 | Identified the cursed -5 pair of gloves of the Saviour {rN+} (You found it on level 3 of the Spider Nest)
 40305 | Spider:3 | Noticed Arachne
 40313 | Spider:3 | Killed Arachne
 40313 | Spider:3 | Reached XP level 18. HP: 180/180 MP: 20/20
 40504 | Spider:4 | Entered Level 4 of the Spider Nest
 40517 | Spider:4 | Gained Wardok as an ally
 41096 | Spider:4 | Reached skill level 22 in Axes
 41868 | Spider:4 | Blown up by an orb spider

Vault maps used:
D:1:      minmay_arrival_shattered_statue
D:2:      chequers_ecumenical_altar_island
D:3:      first_ration, uniq_grinder
D:4:      minmay_temple_entry_butterflies, serial_glass, glass_columns_b,
          glass_columns_b, glass_columns_a, glass_columns_b, glass_columns_b,
          glass_columns_a, uniq_ijyb, uniq_menkaure
D:5:      cheibrodos_sewer_entry_drain, uniq_sigmund
D:6:      enter_ossuary_4
D:7:      lemuel_doored_altar, grunt_livestock, grunt_potential
D:8:      minitemple, solitary_fountain
D:9:      serial_shops, shop, hangedman_decor_opposing
D:10:     enter_bailey_3, minivault_26, minmay_hedge_maze, uniq_psyche
D:11:     erik_lair_orcish_takeover, hiddenorc2_lemuel, serial_bayou_pond_d
D:12:     basic_altar, minmay_gold_behind_fungi, uniq_snorg
D:13:     minivault_12
D:14:     erik_vaults_2
D:15:     grunt_enter_depths_magical_seal, grunt_dithmenos_shadows, uniq_kirke
Temple:   jpeg_temple_island
Lair:1:   grunt_forest_large_clearings, serial_bayou_shore_a
Lair:3:   minivault_27, kennysheep_catoblepas_arena, uniq_gastronok
Lair:4:   minmay_swamp_entry_reptiles, nicolae_spider_entry_non_spiders,
          grunt_megastairs_2
Lair:6:   guppyfry_lair_end_dragon, hangedman_lair_tendril_chambers,
          slime_altar_1, infiniplex_staircase_pool
Swamp:1:  evilmike_swamp_ruin_wall
Swamp:2:  nicolae_swamp_triple_paths, uniq_donald
Swamp:3:  evilmike_swamp_ruin_rubble_2
Swamp:4:  swamp_basic_johnstein
Spider:3: lemuel_spider_zombies, uniq_arachne
Spider:4: grunt_spider_rune_parallel
Orc:1:    orc_temple, basic_altar, serial_shops, shop
Orc:2:    grunt_orc_tribal_feast, nicolae_volcano_entry_s_turn
Depths:1: enter_ziggurat_d, hell_entry, nicolae_lava_and_water,
          rand_demon_pan_entry_8, minmay_acid_items
Sewer:    sewer_co_purgy_island
Ossuary:  ossuary_crypta
Bailey:   bailey_axe_2, bailey
Volcano:  volcano_pools

Skill      XL: |  1  2  3  4  5  6  7  8  9 10 11 12 13 14 15 16 17 18 |
---------------+-------------------------------------------------------+-----
Axes           | 3 4 5 6 7 8 10 12 14 16 18 19 20 21 22 | 22.2
Fighting       | 4 5 6 8 10 11 13 14 15 17 18 19 20 | 20.9
Shields        | 4 5 6 8 9 10 11 12 13 14 | 14.5
Armour         | 4 5 6 8 9 10 11 12 13 14 | 14.6
Invocations    | 3 |  3.8

Action                   |  1- 3 |  4- 6 |  7- 9 | 10-12 | 13-15 | 16-18 || total
-------------------------+-------+-------+-------+-------+-------+-------++-------
Melee: War axe           |   100 |   157 |   397 |   461 |   844 |   880 ||  2839
       Unarmed           |       |       |    14 |       |       |       ||    14
Invok: Convert to Beogh  |       |     1 |       |       |       |       ||     1
       Recall Orcish Fol |       |       |       |     7 |     3 |    15 ||    25
       Stop Recall       |       |       |       |     1 |     2 |    10 ||    13
       Smiting           |       |       |       |       |     3 |       ||     3
       Resurrection      |       |       |       |       |     2 |       ||     2
Evoke: Wand              |       |       |       |     5 |    13 |     3 ||    21
       Lamp of fire      |       |       |       |       |     3 |     3 ||     6
       Lightning rod     |       |       |       |       |     4 |     9 ||    13
       Phial of floods   |       |       |       |       |       |     4 ||     4
  Use: Potion            |       |     1 |       |     3 |     8 |     3 ||    15
       Scroll            |       |       |     6 |    13 |     6 |     9 ||    34
 Stab: Distracted        |       |     1 |       |     3 |     9 |    14 ||    27
       Invisible         |       |       |       |     3 |       |       ||     3
       Petrifying        |       |       |       |       |       |     1 ||     1
       Petrified         |       |       |       |       |       |     1 ||     1
  Eat: Chunk             |       |     6 |    15 |    19 |    42 |    27 ||   109
       Ration            |       |       |       |       |     1 |     6 ||     7
Armor: Scale mail        |    62 |    59 |       |       |       |       ||   121
       Troll leather arm |       |       |   134 |    11 |       |       ||   145
       Skin              |       |       |     3 |     4 |       |       ||     7
       Ring mail         |       |       |       |   109 |   282 |   534 ||   925
       Plate armour      |       |       |       |    23 |       |       ||    23
Dodge: Dodged            |    35 |    58 |   144 |   174 |   264 |   498 ||  1173
Block: Shield            |    61 |    93 |   210 |   301 |   531 |   918 ||  2114
       Reflection        |       |       |       |       |       |     9 ||     9

Table legend:
 A = Spawn XP
 B = Non-spawn XP
 C = Spawn XP percentage of total XP
 D = Spawn monster count
 E = Non-spawn monster count
 F = Spawn count percentage of total count
 G = Total turns spent on level
                    A         B        C        D         E        F      G
               +---------+---------+-------+---------+---------+-------+---------
         Total |       0 |  261005 |   0.0 |       0 |    1182 |   0.0 | 41868
               +---------+---------+-------+---------+---------+-------+---------
           D:1 |       0 |      22 |   0.0 |       0 |      16 |   0.0 |   679
           D:2 |       0 |     153 |   0.0 |       0 |      19 |   0.0 |   820
           D:3 |       0 |     202 |   0.0 |       0 |      15 |   0.0 |   878
           D:4 |       0 |     667 |   0.0 |       0 |      24 |   0.0 |   926
           D:5 |       0 |     574 |   0.0 |       0 |      23 |   0.0 |   942
           D:6 |       0 |     878 |   0.0 |       0 |      31 |   0.0 |   995
           D:7 |       0 |    2342 |   0.0 |       0 |      41 |   0.0 |   770
           D:8 |       0 |    1090 |   0.0 |       0 |      25 |   0.0 |  1002
           D:9 |       0 |    2088 |   0.0 |       0 |      27 |   0.0 |   785
          D:10 |       0 |    1176 |   0.0 |       0 |      24 |   0.0 |   911
          D:11 |       0 |    5206 |   0.0 |       0 |      40 |   0.0 |  1495
          D:12 |       0 |    9693 |   0.0 |       0 |      39 |   0.0 |  1032
          D:13 |       0 |    5326 |   0.0 |       0 |      25 |   0.0 |  1396
          D:14 |       0 |   16383 |   0.0 |       0 |      55 |   0.0 |  1035
          D:15 |       0 |   12807 |   0.0 |       0 |      38 |   0.0 |  2113
        Lair:1 |       0 |    6399 |   0.0 |       0 |      45 |   0.0 |  1648
        Lair:2 |       0 |    4422 |   0.0 |       0 |      20 |   0.0 |  1130
        Lair:3 |       0 |    5543 |   0.0 |       0 |      17 |   0.0 |  1106
        Lair:4 |       0 |    9714 |   0.0 |       0 |      51 |   0.0 |  1497
        Lair:5 |       0 |    6497 |   0.0 |       0 |      27 |   0.0 |   832
        Lair:6 |       0 |   19627 |   0.0 |       0 |      90 |   0.0 |  2602
       Swamp:1 |       0 |    6400 |   0.0 |       0 |      24 |   0.0 |  1061
       Swamp:2 |       0 |   10872 |   0.0 |       0 |      38 |   0.0 |  1581
       Swamp:3 |       0 |   24781 |   0.0 |       0 |      76 |   0.0 |  5073
       Swamp:4 |       0 |   27864 |   0.0 |       0 |      59 |   0.0 |  2117
      Spider:1 |       0 |    8758 |   0.0 |       0 |      23 |   0.0 |   749
      Spider:2 |       0 |    5546 |   0.0 |       0 |      17 |   0.0 |   686
      Spider:3 |       0 |   13106 |   0.0 |       0 |      45 |   0.0 |  1218
      Spider:4 |       0 |   27422 |   0.0 |       0 |      81 |   0.0 |   836
         Orc:1 |       0 |     705 |   0.0 |       0 |       7 |   0.0 |   252
         Orc:2 |       0 |    4751 |   0.0 |       0 |      24 |   0.0 |   999
      Depths:1 |       0 |   15750 |   0.0 |       0 |      37 |   0.0 |   236
         Sewer |       0 |     141 |   0.0 |       0 |       8 |   0.0 |   142
       Ossuary |       0 |     109 |   0.0 |       0 |      12 |   0.0 |   348
        Bailey |       0 |     201 |   0.0 |       0 |      33 |   0.0 |   926
       Volcano |       0 |    3790 |   0.0 |       0 |       6 |   0.0 |   893
               +---------+---------+-------+---------+---------+-------+---------
